 Dungeon Crawl Stone Soup version 0.26-a0-113-gd8a95b691d (webtiles) character file.

Game seed: 1271312164475723214

3837 Gargoyl the Chopper (level 9, 0/75 HPs)
             Began as a Centaur Abyssal Knight on June 25, 2020.
             Was an Elder of Lugonu.
             Slain by a two-headed ogre
             ... wielding a +0 giant spiked club
              (20 damage)
             ... on level 8 of the Dungeon.
             The game lasted 00:11:55 (9015 turns).

Gargoyl the Chopper (Centaur Abyssal Knight)        Turns: 9015, Time: 00:11:56

Health: 0/75       AC: 13    Str: 17    XL:     9   Next: 98%
Magic:  13/13      EV: 12    Int: 11    God:    Lugonu [****..]
Gold:   106        SH:  0    Dex: 15    Spells: 8/8 levels left

rFire    . . .     SeeInvis .   t - +0 battleaxe (flame)
rCold    . . .     Faith    .   (shield currently unavailable)
rNeg     . . .     Spirit   .   e - +3 leather armour "Ixzela" {rElec MR+ Dex+5}
rPois    +         Reflect  .   q - +1 helmet
rElec    +         Harm     .   (no cloak)
rCorr    .                      k - +2 pair of gloves
MR       ++...                  (no barding)
Stlth    +.........             (no amulet)
HPRegen  0.22/turn              d - ring of protection from magic
MPRegen  0.13/turn              r - ring of poison resistance

@: very quick
A: large, hooves 3, deformed body, speed 2, tough skin 3
a: Depart the Abyss, Bend Space, Banish, Corrupt, Renounce Religion


You were on level 8 of the Dungeon.
You worshipped Lugonu.
Lugonu was greatly pleased with you.
You were not hungry.

You visited 1 branch of the dungeon, and saw 8 of its levels.
You visited the Abyss 1 time.

You collected 386 gold pieces.
You spent 280 gold pieces at shops.

Inventory:

Hand Weapons
 a - a +1 hand axe
 s - a +1 vorpal hand axe
 t - a +0 battleaxe of flaming (weapon)
Armour
 e - the +3 leather armour "Ixzela" (worn) {rElec MR+ Dex+5}
   (You found it on level 2 of the Abyss)

   It affects your dexterity (+5).
   It insulates you from electricity.
   It affects your resistance to hostile enchantments.
 k - a +2 pair of gloves (worn)
 q - a +1 helmet (worn)
Jewellery
 d - a ring of protection from magic (left hand)
 f - an uncursed ring of positive energy
 r - a ring of poison resistance (right hand)
Scrolls
 g - 4 scrolls of identify
 h - 3 scrolls of teleportation
 j - 6 scrolls of remove curse
Potions
 b - a potion of brilliance
 i - 2 potions of berserk rage
 l - 3 potions of curing
 n - 2 potions of haste
 o - a potion of might
Comestibles
 c - 20 rations
 m - 6 chunks of flesh


   Skills:
 + Level 6.1 Fighting
 + Level 7.8 Axes
 * Level 4.4 Armour
 * Level 5.1 Dodging
 * Level 6.5 Invocations


You had 8 spell levels left.
You didn't know any spells.
Your spell library contained the following spells:

 Spells                   Type           Power        Failure   Level  Hunger
 Corona                   Hex            #......      38%         1    ##.....
 Ensorcelled Hibernation  Hex/Ice        #.....       54%         2    ###....
 Confusing Touch          Hex            #.......     77%         3    ####...
 Dazzling Flash           Conj/Hex       #.....       77%         3    ####...
 Tukima's Dance           Hex            #.......     77%         3    ####...


Dungeon Overview and Level Annotations

Branches:
Dungeon (8/15)             Temple (0/1) D:6
   Lair: D:8-11

Altars:
Cheibriados
Elyvilon
Gozag
Hepliaklqana
Nemelex Xobeh
Ru
Yredelemnul

Shops:
D:5 =   D:8 (


Innate Abilities, Weirdness & Mutations

You have hooves in place of feet.
Armour fits poorly on your strangely shaped body.
You cover ground very quickly.
You have extremely tough skin. (AC +3)


Message History

You barely miss the bullfrog zombie.
The two-headed ogre hits you with a +0 giant spiked club!!
The two-headed ogre completely misses you.
The bullfrog zombie misses you.
The bullfrog zombie hits you but does no damage.
You slash the two-headed ogre! You burn the two-headed ogre.
You kick the two-headed ogre.
The two-headed ogre is heavily wounded.
You slash the bullfrog zombie! You burn the bullfrog zombie.
The two-headed ogre closely misses you.
The two-headed ogre hits you with a +0 giant club.
The bullfrog zombie hits you but does no damage.
You slash the two-headed ogre! You burn the two-headed ogre.
The two-headed ogre is severely wounded.
You slash the bullfrog zombie! You burn the bullfrog zombie.
The bullfrog zombie closely misses you.
The two-headed ogre hits you with a +0 giant spiked club.
* * * LOW HITPOINT WARNING * * *
The two-headed ogre hits you with a +0 giant club!!
You die...

...# ...# ..........
..######. ...<......
......... ##.........
......... #.....(....
...##### ##..........
...# #........... ....##
# #...Z.......
###..###.# #...@O......
# #....#.## #...........
## .......###...........
.###....##..............
.......#####............
##....## ##.[...........
###..####..............
##.##...##...........
#.....###..........


You could see a two-headed ogre and a bullfrog zombie.

Vanquished Creatures
  Joseph (D:7)
  Maggie (D:7)
  4 hogs (D:7)
  A human (D:7)
  Menkaure (D:4)
  An orc warrior (D:7)
  2 ice beasts
  2 water moccasins
  2 sky beasts (D:5)
  A phantom (D:7)
  2 necrophages
  An ogre (D:5)
  A centaur (D:8)
  Blork the orc (D:6)
  2 bullfrogs
  5 wights (D:7)
  3 crimson imps
  2 centaur zombies
  2 orc priests (D:6)
  2 hounds
  2 jellies (D:6)
  An orc wizard (D:5)
  6 worker ants
  Natasha (thrice) (D:4)
  2 iguanas
  A hound zombie (D:6)
  A hound skeleton (D:4)
  A worker ant zombie (D:5)
  Robin (D:4)
  6 adders
  A howler monkey skeleton (D:5)
  8 oozes
  2 adder skeletons (D:4)
  6 worms
  3 dart slugs
  6 leopard geckos
  9 orcs
  2 ball pythons
  6 bats
  9 giant cockroaches
  23 goblins
  3 hobgoblins
  10 jackals
  7 kobolds
  5 quokkas
  5 frilled lizards
  A leopard gecko zombie (D:7)
  A quokka zombie (D:7)
  4 rats (D:1)
172 creatures vanquished.

Notes
Turn   | Place    | Note
-------+----------+-------------------------------------------
     0 | Abyss:1  | Gargoyl the Centaur Abyssal Knight began the quest for the
                  | Orb.
     0 | Abyss:1  | Reached XP level 1. HP: 19/19 MP: 2/2
    21 | Abyss:2  | Got an obsidian-encrusted leather armour
    33 | Abyss:2  | Got a bound amber ring
    34 | Abyss:2  | Identified the ring of Xufra {Wiz Int+4} (You found it on
                  | level 2 of the Abyss)
    45 | Abyss:2  | Identified the +3 leather armour "Ixzela" {rElec MR+ Dex+5}
                  | (You found it on level 2 of the Abyss)
    59 | Abyss:2  | Noticed a chaos spawn
   101 | Abyss:2  | Found a roughly hewn altar of Beogh.
   103 | Abyss:2  | Noticed a smoke demon
   104 | D:1      | Escaped the Abyss
   119 | D:1      | Found a runed translucent door.
   377 | D:1      | Reached * piety under Lugonu
   377 | D:1      | Reached XP level 2. HP: 26/26 MP: 3/3
   724 | D:1      | Reached skill level 1 in Dodging
   726 | D:1      | Reached skill level 2 in Axes
   731 | D:1      | Reached XP level 3. HP: 18/31 MP: 4/4
  1042 | D:2      | Reached XP level 4. HP: 34/39 MP: 5/5
  1044 | D:2      | Reached ** piety under Lugonu
  2039 | D:3      | Found a white marble altar of Elyvilon.
  2286 | D:3      | Found a basalt altar of Yredelemnul.
  2575 | D:3      | Found an opulent altar of Gozag.
  2815 | D:4      | Reached XP level 5. HP: 44/46 MP: 7/7
  2953 | D:3      | Found an opulent altar of Gozag.
  3033 | D:4      | Noticed Robin
  3038 | D:4      | Reached *** piety under Lugonu
  3043 | D:4      | Reached skill level 3 in Axes
  3048 | D:4      | Killed Robin
  3492 | D:4      | Noticed Menkaure
  3503 | D:4      | Killed Menkaure
  3503 | D:4      | Reached XP level 6. HP: 9/52 MP: 8/8
  3963 | D:4      | Noticed Natasha
  3969 | D:4      | Killed Natasha
  4165 | D:4      | Noticed Natasha
  4179 | D:4      | Killed Natasha
  4214 | D:4      | Noticed Natasha
  4498 | D:4      | Killed Natasha
  4574 | D:5      | Entered Level 5 of the Dungeon
  4582 | D:5      | Found Esas's Jewellery Shoppe.
  4599 | D:5      | Reached skill level 4 in Axes
  4784 | D:5      | Reached XP level 7. HP: 54/59 MP: 9/9
  5367 | D:5      | Found a hazy altar of Hepliaklqana.
  5430 | D:5      | Found a sacrificial altar of Ru.
  5433 | D:5      | Found a sparkling altar of Nemelex Xobeh.
  5436 | D:5      | Found a snail-covered altar of Cheibriados.
  5591 | D:5      | Reached skill level 5 in Axes
  5591 | D:5      | Reached XP level 8. HP: 30/67 MP: 11/11
  6221 | D:6      | Noticed Blork the orc
  6385 | D:6      | Killed Blork the orc
  6425 | D:6      | Found a staircase to the Ecumenical Temple.
  6435 | D:6      | Reached skill level 5 in Invocations
  6490 | D:5      | Bought an uncursed ring of poison resistance for 280 gold
                  | pieces
  6601 | D:5      | Reached **** piety under Lugonu
  6953 | D:6      | Reached skill level 6 in Axes
  7054 | D:7      | Reached skill level 5 in Fighting
  7187 | D:7      | Reached XP level 9. HP: 44/74 MP: 13/13
  7733 | D:7      | Noticed Joseph
  7779 | D:7      | Killed Joseph
  7779 | D:7      | Reached skill level 7 in Axes
  8130 | D:7      | Reached skill level 5 in Dodging
  8562 | D:7      | Noticed Maggie
  8570 | D:7      | Killed Maggie
  8870 | D:8      | Found Quluadgh's Antique Weapon Emporium.
  9006 | D:8      | Noticed a two-headed ogre
  9015 | D:8      | Slain by a two-headed ogre

Illustrated notes

Levels and vault maps discovered:
D:1:      dpeg_arrival_caged_fury, layout_basic, minmay_distorted
D:2:      layout_loops_corners, grunt_ministairs_14
D:3:      lemuel_upstairs_altar, layout_loops_ring, grunt_gozag_statues,
          overflow_temple_1_default, elyvilon_altar_1
D:4:      layout_basic, first_ration, uniq_robin, uniq_natasha, uniq_menkaure
D:5:      layout_cave_pools, kennysheep_mini_moat,
          grunt_temple_overflow_diamond, serial_shops, nicolae_shop_crystal,
          minmay_misc_feat_five
D:6:      layout_cave_pools, minmay_temple_entry_stoned_glass,
          serial_bayou_lagoon_a, uniq_blork_the_orc
D:7:      layout_loops_cross, grunt_livestock, uniq_maggie, uniq_joseph
D:8:      layout_layer_cave, kennysheep_mini, serial_shops,
          nicolae_shop_overgrown_old_shop, minmay_misc_feat_chi,
          uniq_prince_ribbit1

Skill      XL: |  1  2  3  4  5  6  7  8  9 |
---------------+----------------------------+-----
Dodging        | 1 2 3 4 5 |  5.1
Axes           | 2 3 4 5 6 7 |  7.8
Armour         | 2 3 4 |  4.4
Invocations    | 3 4 5 6 |  6.5
Fighting       | 4 5 6 |  6.1

Action                   |  1- 3 |  4- 6 |  7- 9 || total
-------------------------+-------+-------+-------++-------
Melee: Hand axe          |    88 |   176 |   327 ||   591
       Kick              |    23 |    60 |   111 ||   194
       Battleaxe         |       |       |    37 ||    37
Invok: Depart the Abyss  |     1 |       |       ||     1
  Use: Scroll            |     1 |    12 |     6 ||    19
       Potion            |       |     2 |     1 ||     3
  Eat: Chunk             |       |     7 |    12 ||    19
       Ration            |       |     1 |       ||     1
Armor: Leather armour    |    35 |    77 |   150 ||   262
       Skin              |       |       |    17 ||    17
Dodge: Dodged            |    52 |    78 |   184 ||   314

Table legend:
 A = Non-vault XP
 B = Vault XP
 C = Vault XP percentage of total XP
 D = Non-vault monster count
 E = Vault monster count
 F = Vault count percentage of total count
                 A         B        C        D         E       F
            +---------+---------+-------+---------+---------+-------
      Total |    3248 |    2234 |  40.8 |     130 |      42 |  24.4
            +---------+---------+-------+---------+---------+-------
        D:1 |      16 |      67 |  80.7 |       9 |      17 |  65.4
        D:2 |      51 |       3 |   5.6 |      20 |       2 |   9.1
        D:3 |      52 |       0 |   0.0 |      17 |       0 |   0.0
        D:4 |     247 |     244 |  49.7 |      14 |      15 |  51.7
        D:5 |    1076 |       0 |   0.0 |      22 |       0 |   0.0
        D:6 |     499 |     103 |  17.1 |      17 |       1 |   5.6
        D:7 |    1014 |    1817 |  64.2 |      23 |       7 |  23.3
        D:8 |     293 |       0 |   0.0 |       8 |       0 |   0.0
            +---------+---------+-------+---------+---------+-------
